 Dungeon Crawl Stone Soup version 0.30-a0-222-ge547ba4400 (webtiles) character file.

Game seed: 380077670880708690

346 qw the Chopper (level 6, 0/37 HPs)
             Began as a Gargoyle Fighter on Oct 8, 2022.
             Was an Initiate of Okawaru.
             Slain by Duvessa
             ... wielding a +0 short sword
              (6 damage)
             ... on level 4 of the Dungeon.
             The game lasted 00:00:59 (2635 turns).

qw the Chopper (Gargoyle Fighter)                   Turns: 2635, Time: 00:01:00

Health: 0/37       AC: 12    Str: 21    XL:     6   Next: 59%
Magic:  6/6        EV: 10    Int: 13    God:    Okawaru [......]
Gold:   49         SH:  4    Dex:  9    Spells: 5/5 levels left

rFire   + . .      SeeInvis +    Y - +0 war axe
rCold   . . .      Faith    .    c - +0 buckler
rNeg    + . .      Spirit   .    m - +0 ring mail of Hysteria {Fly Int+4 SInv}
rPois   inf        Reflect  .    e - +0 helmet
rElec   +          Harm     .    l - +0 cloak {rPois}
rCorr   +          Rampage  .    (no gloves)
Will    .....                    (no boots)
Stlth   ..........               f - amulet of regeneration
HPRegen 1.06/turn                j - ring of resist corrosion
MPRegen 0.10/turn                s - ring of protection from fire

@: flying
A: sickness immunity, AC +4, negative energy resistance 1, electricity
resistance, torment resistance 1, petrification resistance
a: Renounce Religion


You were on level 4 of the Dungeon.
You worshipped Okawaru.
Okawaru was noncommittal.
You visited 1 branch of the dungeon, and saw 4 of its levels.

You collected 169 gold pieces.
You spent 120 gold pieces at shops.


Innate Abilities, Weirdness & Mutations

You are immune to sickness and miasma.
Your stone body is resilient. (AC +4)
You are immune to poison.
You resist negative energy. (rN+)
You are resistant to electric shocks. (rElec)
You are resistant to unholy torment.
You are immune to petrification.


   Skills:
 + Level 3.2 Fighting
 - Level 6.0 Axes
 - Level 3.2 Armour
 - Level 1.0 Dodging
 - Level 3.2 Shields


You had 5 spell levels left.
You didn't know any spells.
Your spell library was empty.

Inventory:

Hand Weapons
 q - a +2 vampiric whip
 Y - a +0 war axe (weapon)
Armour
 b - a +0 scale mail
 c - a +0 buckler (worn)
 e - a +0 helmet (worn)
 l - a +0 cloak of poison resistance (worn)
 m - the +0 ring mail of Hysteria (worn) {Fly Int+4 SInv}
   (You found it on level 2 of the Dungeon)

   Int:       It affects your intelligence (+4).
   SInv:      It lets you see invisible.
   Fly:       It grants you flight.
Jewellery
 f - an amulet of regeneration (around neck)
 i - a +3 ring of strength
 j - a ring of resist corrosion (left hand)
 s - a ring of protection from fire (right hand)
Scrolls
 a - 3 scrolls of teleportation
Potions
 d - a potion of might
 g - a potion of ambrosia {unknown}
 h - a potion of curing
 k - a potion of heal wounds {unknown}
 n - a potion of flight {unknown}

Dungeon Overview and Level Annotations

Branches:
Dungeon (4/15)
 Temple: D:4-7

Altars:
Fedhas
Nemelex Xobeh
Okawaru

Shops:
D:4 =

Annotations:
D:4 Dowan, Duvessa


Message History

Dowan says, "Magic and the sword, together, will defeat you."
Dowan drinks a potion.
Dowan seems to grow stronger.
Duvessa hits you with a +0 short sword.
You hit Duvessa but do no damage.
Duvessa is lightly wounded.
Duvessa says, "My weaknesses are his strengths!"
Duvessa hits you with a +0 short sword. x2
Dowan mumbles some strange words.
Dowan blinks!
You hit Duvessa.
Duvessa is moderately wounded.
Duvessa hits you with a +0 short sword. You block Duvessa's attack.
You closely miss Duvessa.
Duvessa is moderately wounded.
Duvessa hits you with a +0 short sword. Duvessa closely misses you.
You closely miss Duvessa.
Duvessa is moderately wounded.
Duvessa hits you with a +0 short sword. Duvessa closely misses you.
You hit Duvessa.
Duvessa is moderately wounded.
You block Duvessa's attack.
Duvessa says, "When magic and the sword combine, nothing stands against them."
Duvessa hits you but does no damage.
You barely miss Duvessa.
Duvessa is moderately wounded.
Duvessa hits you with a +0 short sword.
Dowan gestures wildly while chanting.
Dowan blinks!
Duvessa hits you with a +0 short sword!
You barely miss Duvessa.
Duvessa is moderately wounded.
Duvessa hits you with a +0 short sword. You block Duvessa's attack.
You hit Duvessa but do no damage.
Duvessa is moderately wounded.
Duvessa closely misses you.
You slash Duvessa!
Duvessa is heavily wounded.
Duvessa hits you with a +0 short sword!
Dowan casts a spell.
Dowan blinks!
Duvessa hits you with a +0 short sword.
You die...

... ..........## #..
###########.# #...
..# #.# ... #.# #.#
... #.# #####.#
#.###.# #.%...#
#.ยค...#####.###.####
###e#.......# #.....
#@######### ######
#.# ........#
#########


You could see Duvessa (fast).

Vanquished Creatures
  Grinder (D:4)
  An iguana (D:4)
  4 gnolls (D:2)
  2 adders
  A worm (D:2)
  3 ball pythons
  7 endoplasms
  2 giant cockroaches
  5 hobgoblins
  3 quokkas
  5 bats
  4 frilled lizards
  5 goblins
  8 kobolds
  2 rats (D:3)
53 creatures vanquished.

Notes
Turn   | Place    | Note
-------+----------+-------------------------------------------
     0 | D:1      | qw the Gargoyle Fighter began the quest for the Orb.
     0 | D:1      | Reached XP level 1. HP: 14/14 MP: 1/1
     0 | D:1      | 0 ||| qw: Version: 0.2-a-17-g06abaee
     0 | D:1      | 0 ||| qw: Game counter: 2030
     0 | D:1      | 0 ||| qw: Always use a shield: true
     0 | D:1      | 0 ||| qw: God list: Okawaru
     0 | D:1      | 0 ||| qw: Allow faded altars: false
     0 | D:1      | 0 ||| qw: Do Orc after D:15 true
     0 | D:1      | 0 ||| qw: Do second Lair branch before Depths: true
     0 | D:1      | 0 ||| qw: Lair rune preference: random
     0 | D:1      | 0 ||| qw: Plans: Normal, Zot:1-4, God:TSO, Crypt, Tomb,
                  | Pan, Slime:5, Hells, Abyss, Orb
     0 | D:1      | 0 ||| PLANNING D:1-11
    36 | D:1      | Reached skill level 2 in Axes
    41 | D:1      | 41 ||| Stepping ~*~*~tactically~*~*~ (stealth).
    44 | D:1      | 44 ||| Stepping ~*~*~tactically~*~*~ (stealth).
    84 | D:1      | 84 ||| Stepping ~*~*~tactically~*~*~ (stealth).
    92 | D:1      | Reached XP level 2. HP: 10/19 MP: 2/2
   156 | D:1      | 156 ||| DROPPING +0 hand axe of electrocution.
   463 | D:1      | 463 ||| UPGRADING to +0 cloak of poison resistance.
   468 | D:1      | 468 ||| UPGRADING to amulet of regeneration.
   473 | D:1      | 473 ||| UPGRADING to ring of resist corrosion.
   474 | D:1      | 474 ||| READING 4 scrolls labelled JONA ETAOLESEE.
   584 | D:2      | Reached skill level 3 in Axes
   623 | D:2      | 623 ||| Stepping ~*~*~tactically~*~*~ (stealth).
   627 | D:2      | Reached XP level 3. HP: 21/23 MP: 3/3
   645 | D:2      | Reached XP level 4. HP: 21/28 MP: 4/4
   653 | D:2      | 653 ||| DROPPING +0 club.
   810 | D:2      | Reached skill level 4 in Axes
   873 | D:2      | Identified the +0 ring mail of Hysteria {Fly Int+4 SInv}
  1364 | D:2      | 1364 ||| UPGRADING to +0 ring mail of Hysteria {Fly Int+4
                  | SInv}.
  1374 | D:2      | 1374 ||| DROPPING ring of flight.
  1375 | D:2      | 1375 ||| READING scroll labelled SEYHAZ XEWOSCH.
  1376 | D:2      | 1376 ||| DRINKING 3 metallic dark potions.
  1377 | D:2      | 1377 ||| DROPPING 2 potions of degeneration.
  1750 | D:3      | 1750 ||| DROPPING +0 flail.
  1874 | D:3      | Found a blossoming altar of Fedhas.
  2023 | D:3      | Found a faded altar of an unknown god.
  2289 | D:3      | 2289 ||| UPGRADING to +0 helmet.
  2294 | D:3      | 2294 ||| DROPPING ring of magical power.
  2295 | D:3      | 2295 ||| UPGRADING to ring of protection from fire.
  2296 | D:3      | 2296 ||| READING scroll labelled GIACYTTETUCK.
  2297 | D:3      | 2297 ||| READING scroll labelled GAULOS TOAVERENUE.
  2298 | D:3      | 2298 ||| READING scroll labelled UFATYU MULESMUAM.
  2299 | D:3      | 2299 ||| DRINKING 2 orange potions.
  2345 | D:4      | Noticed Grinder
  2346 | D:4      | 2346 ||| Stepping ~*~*~tactically~*~*~ (hiding).
  2351 | D:4      | Paralysed by Grinder for 4 turns
  2360 | D:4      | Paralysed by Grinder for 4 turns
  2364 | D:4      | 2364 ||| FLEEEEING.
  2365 | D:4      | 2365 ||| FLEEEEING.
  2367 | D:4      | Paralysed by Grinder for 5 turns
  2379 | D:4      | Killed Grinder
  2380 | D:4      | Reached skill level 6 in Axes
  2380 | D:4      | Reached XP level 5. HP: 32/32 MP: 5/5
  2380 | D:4      | Reached XP level 6. HP: 37/37 MP: 6/6
  2540 | D:4      | Found an iron altar of Okawaru.
  2541 | D:4      | 2541 ||| PLANNING OKAWARU WORSHIP
  2541 | D:4      | 2541 ||| READING scroll labelled ZITHOYREITE.
  2544 | D:4      | Found a sparkling altar of Nemelex Xobeh.
  2549 | D:4      | Became a worshipper of Warmaster Okawaru
  2550 | D:4      | 2550 ||| PLANNING D:1-11
  2569 | D:4      | Found Iffuh's One-of-a-Kind Rings.
  2574 | D:4      | 2574 ||| BUYING +3 ring of strength (120 gold).
  2574 | D:4      | Bought a +3 ring of strength for 120 gold pieces
  2574 | D:4      | 2574 ||| SHOPLISTING +5 ring of protection (660 gold, have
                  | 46).
  2574 | D:4      | 2574 ||| SHOPLISTING +5 ring of slaying (1364 gold, have
                  | 46).
  2574 | D:4      | 2574 ||| SHOPLISTING +8 ring of strength (660 gold, have
                  | 46).
  2574 | D:4      | 2574 ||| SHOPLISTING +9 ring of dexterity (936 gold, have
                  | 46).
  2574 | D:4      | 2574 ||| SHOPLISTING ring of Sloth {rPois EV+4 Str+4} (667
                  | gold, have 46).
  2605 | D:4      | Reached skill level 1 in Dodging
  2617 | D:4      | Noticed Duvessa
  2617 | D:4      | Noticed Dowan
  2618 | D:4      | 2618 ||| Stepping ~*~*~tactically~*~*~ (hiding).
  2619 | D:4      | 2619 ||| Stepping ~*~*~tactically~*~*~ (hiding).
  2635 | D:4      | HP: 6/37 [Duvessa/+0 short sword (7)]
  2635 | D:4      | Slain by Duvessa

Levels and vault maps discovered:
D:1:      zelgadis_glass_arrival_small, layout_rooms, minmay_tall_x
D:2:      layout_loops_corners, minmay_misc_feat_secret_circle
D:3:      layout_basic, mainiacjoe_overflow_alcove_2,
          shapermc_ecumenical_altar_notcrosses
D:4:      layout_loops_ring, minitemple, led_sif_pool,
          mainiacjoe_overflow_alcove_4, chequers_serial_rivers_micro_a,
          nicolae_shop_unique_rings, uniq_eustachio, uniq_duvessa, uniq_grinder,
          uniq_robin

Skill      XL: |  1  2  3  4  5  6 |
---------------+-------------------+-----
Axes           | 2 3 6 |  6.0
Dodging        | 1 |  1.0
Fighting       | |  3.2
Armour         | |  3.2
Shields        | |  3.2

Action                   |  1- 3 |  4- 6 || total
-------------------------+-------+-------++-------
Melee: War axe           |    79 |   133 ||   212
  Use: Scroll            |     1 |     5 ||     6
       Potion            |       |     2 ||     2
Armor: Scale mail        |    47 |    21 ||    68
       Ring mail         |       |    34 ||    34
Dodge: Dodged            |    35 |    59 ||    94
Block: Buckler           |    21 |    16 ||    37

Table legend:
 A = Non-vault XP
 B = Vault XP
 C = Vault XP percentage of total XP
 D = Non-vault monster count
 E = Vault monster count
 F = Vault count percentage of total count
                 A         B        C        D         E       F
            +---------+---------+-------+---------+---------+-------
      Total |     189 |     306 |  61.8 |      48 |       5 |   9.4
            +---------+---------+-------+---------+---------+-------
        D:1 |      22 |       6 |  21.4 |      14 |       4 |  22.2
        D:2 |      84 |       0 |   0.0 |      19 |       0 |   0.0
        D:3 |      33 |       0 |   0.0 |      13 |       0 |   0.0
        D:4 |      50 |     300 |  85.7 |       2 |       1 |  33.3
            +---------+---------+-------+---------+---------+-------
